 Dungeon Crawl Stone Soup version 0.17.0-18-gaab0e96 (webtiles) character file.

75 HaroldButt the Conjurer (level 4, -3/24 HPs)
             Began as a Deep Elf Conjurer on Nov 11, 2015.
             Slain by a gnoll
             ... wielding a +0 flail
              (8 damage)
             ... on level 2 of the Dungeon.
             The game lasted 00:04:04 (1143 turns).

HaroldButt the Conjurer (Deep Elf Conjurer)         Turns: 1143, Time: 00:04:05

Health: -3/24      AC:  3    Str:  5    XL:     4   Next: 11%
Magic:  2/12       EV: 13    Int: 21    God:
Gold:   68         SH:  0    Dex: 15    Spells: 3 memorised, 4 levels left

rFire  . . .     SeeInvis .     d - +0 dagger (venom)
rCold  . . .     Clarity  .     a - +0 robe
rNeg   . . .     SustAt   .     (no shield)
rPois  .         Gourm    .     (no helmet)
rElec  .         Spirit   .     (no cloak)
rCorr  .         Warding  .     (no gloves)
rMut   .         Stasis   .     p - +0 pair of boots
MR     .....                    (no amulet)
Stlth  ++........               (no ring)
                                (no ring)

@: not resistant to hostile enchantments, unstealthy
A: no striking features
a: no special abilities


You were on level 2 of the Dungeon.
You were not hungry.

You visited 1 branch of the dungeon, and saw 2 of its levels.

You collected 68 gold pieces.

Inventory:

Hand Weapons
 d - a +0 dagger of venom (weapon)
Missiles
 e - 29 stones (quivered)
 i - 18 poisoned needles
Armour
 a - a +0 robe (worn)
 p - a +0 pair of boots (worn)
Jewellery
 l - a +2 ring of strength {unknown}
Scrolls
 h - a scroll of identify {unknown}
 j - a scroll of noise {unknown}
 o - a scroll of recharging {unknown}
Potions
 g - a potion of mutation {unknown}
 k - a potion of flight {unknown}
 n - a potion of cure mutation {unknown}
Books
 b - a book of Conjurations

   Spells                             Type                      Level
   a - Magic Dart                     Conjuration                  1
   b - Searing Ray                    Conjuration                  2
   c - Dazzling Spray                 Conjuration/Hexes            3
   d - Fulminant Prism                Conjuration/Hexes            4
   e - Iskenderun's Mystic Blast      Conjuration                  4
   f - Iskenderun's Battlesphere      Conjuration/Charms           5
Comestibles
 c - a bread ration
 f - a beef jerky
 m - 2 chunks of flesh


   Skills:
 - Level 2.4 Dodging
 - Level 2.4 Stealth
 + Level 4.0 Spellcasting
 * Level 5.7 Conjurations


You had 4 spell levels left.
You knew the following spells:

 Your Spells              Type           Power        Failure   Level  Hunger
a - Magic Dart            Conj           ####         1%          1    None
b - Searing Ray           Conj           ####..       1%          2    #......
c - Iskenderun's Mystic   Conj           ####....     14%         4    ####...


Dungeon Overview and Level Annotations

Branches:
Dungeon (2/15)

Altars:


Message History

Confirm with . or Enter, or press ? or * to list all spells.
Aiming: Magic Dart
Press: ? - help, Shift-Dir - straight line, f/p - gnoll
Aim: a gnoll, wielding a flail (moderately wounded)
The magic dart hits the gnoll.
The gnoll is heavily wounded.
The gnoll hits you with a flail!
Casting: Magic Dart
Confirm with . or Enter, or press ? or * to list all spells.
Aiming: Searing Ray
Press: ? - help, Shift-Dir - straight line, f/p - gnoll
Aim: a gnoll, wielding a flail (heavily wounded)
The searing ray hits the gnoll.
The gnoll is severely wounded.
The gnoll hits you with a flail!
* * * LOW HITPOINT WARNING * * *
The searing ray hits the gnoll.
The gnoll is almost dead.
The gnoll hits you with a flail!
You die...

######## .
....^..### # # #.#.#
#.# #...@.# .. #
#...# #.#
#.#g#.##..# #
#..###.###.........#
#
#..........#.#.##.##
# #.#............# #
# #.#.......##.###
####.#..........##
.............#...#
####.#..........####


You could see a gnoll.

Vanquished Creatures
  4 adders (D:2)
  An ooze (D:1)
  A giant gecko (D:1)
  2 giant cockroaches (D:1)
  5 goblins
  3 hobgoblins
  3 jackals (D:1)
  4 bats
  4 giant newts
  5 kobolds
  4 rats (D:1)
36 creatures vanquished.

Notes
Turn   | Place    | Note
--------------------------------------------------------------
     0 | D:1      | HaroldButt the Deep Elf Conjurer began the quest for the Orb.
     0 | D:1      | Reached XP level 1. HP: 10/10 MP: 6/6
   120 | D:1      | Reached XP level 2. HP: 15/15 MP: 6/8
   228 | D:1      | Reached skill level 5 in Conjurations
   467 | D:1      | Learned a level 2 spell: Searing Ray
   654 | D:1      | Reached XP level 3. HP: 13/19 MP: 5/10
  1097 | D:2      | Reached XP level 4. HP: 24/24 MP: 2/12
  1105 | D:2      | Learned a level 4 spell: Iskenderun's Mystic Blast
  1143 | D:2      | Slain by a gnoll

Action                   |  1- 3 |  4- 6 || total
-------------------------+-------+-------++-------
Melee: Dagger            |     6 |       ||     6
 Cast: Magic Dart        |    59 |     5 ||    64
       Searing Ray       |     2 |     1 ||     3
  Eat: Chunk             |       |     1 ||     1
